 Dungeon Crawl Stone Soup version 0.24-a0-715-g0b739ee41d (webtiles) character file.

Game seed: 5286498307210535487, levelgen mode: deterministic

63 Arixos the Sneak (level 3, 0/20 HPs)
             Began as a Vampire Enchanter on Sept 30, 2019.
             Slain by an ogre
             ... wielding a +0 giant club
              (20 damage)
             ... on level 3 of the Dungeon.
             The game lasted 00:13:10 (2172 turns).

Arixos the Sneak (Vampire Enchanter)                Turns: 2172, Time: 00:13:11

Health: 0/20       AC:  3    Str:  7    XL:     3   Next: 87%
Magic:  13/15      EV: 13    Int: 17    God:
Gold:   67         SH:  0    Dex: 15    Spells: 0/6 levels left

rFire    . . .     SeeInvis +   a - +1 dagger
rCold    + + .     Gourm    .   (no shield)
rNeg     + + +     Faith    .   b - +0 robe
rPois    ∞         Spirit   .   (no helmet)
rElec    .         Reflect  .   d - +0 cloak
rCorr    .         Harm     .   (no gloves)
MR       .....                  (no boots)
Stlth    +++++.....             (no amulet)
HPRegen  0.00/turn              f - ring of magical power
MPRegen  0.14/turn              (no ring)

@: bloodless, regenerating quickly
A: no food, fangs 3, see invisible, unbreathing
a: Bat Form, Revivify


You were on level 3 of the Dungeon.
You were bloodless.

You visited 1 branch of the dungeon, and saw 3 of its levels.

You collected 67 gold pieces.

Inventory:

Hand Weapons
 a - a +1 dagger (weapon)
Armour
 b - a +0 robe (worn)
 d - a +0 cloak (worn)
Jewellery
 f - a ring of magical power (left hand)
Scrolls
 i - a scroll of immolation {unknown}
 j - a scroll of amnesia {unknown}
 l - a scroll of magic mapping {unknown}
 m - 2 scrolls of identify
 n - a scroll of random uselessness {unknown}
Potions
 c - a potion of agility {unknown}
 e - 4 potions of curing {unknown}
 g - a potion of heal wounds {unknown}
 h - a potion of cancellation {unknown}
 k - a potion of flight {unknown}


   Skills:
 + Level 1.0 Fighting
 + Level 2.1 Short Blades
 + Level 2.7 Dodging
 + Level 5.0 Stealth
 + Level 2.4 Spellcasting
 + Level 4.9 Hexes


You couldn't memorise any spells.
You knew the following spells:

 Your Spells              Type           Power        Failure   Level  Hunger
a - Ensorcelled Hibernat  Hex/Ice        ##....       11%         2    N/A
b - Corona                Hex            ###....      2%          1    N/A
c - Confuse               Hex            ###.....     8%          3    N/A

Your spell library contained the following spells:

 Spells                   Type           Power        Failure   Level  Hunger
 Tukima's Dance           Hex            ###.....     8%          3    N/A
 Dazzling Spray           Conj/Hex       ##....       21%         3    N/A

Dungeon Overview and Level Annotations

Branches:
Dungeon (3/15)

Altars:
Cheibriados
Sif Muna
Yredelemnul


Innate Abilities, Weirdness & Mutations

You do not eat.
You do not regenerate when monsters are visible.
You are frail without blood (-20% HP).
You are immune to poison.
You have razor-sharp teeth.
You have supernaturally acute eyesight. (SInv)
You can survive without breathing.


Message History

Done exploring.
There is a stone staircase leading down here.
You climb downwards.
There is a stone staircase leading up here.
Found a basalt altar of Yredelemnul.
There is a basalt altar of Yredelemnul here.
You kneel at the altar of Yredelemnul.
An ogre comes into view. It is wielding a +0 giant club.
The ogre shouts!
Casting: Ensorcelled Hibernation (safe; 11% risk of failure)
Confirm with . or Enter, or press ? or * to list all spells.
Aiming: Confuse (safe; 8% risk of failure)
Press: ? - help, Shift-Dir - straight line, f - ogre
Aim: an ogre, wielding a +0 giant club (chance to defeat MR: 49%)
The ogre appears confused.
The ogre cries.
The ogre ponders the situation.
The ogre hits you with a +0 giant club!!
Ouch! That really hurt!
You die...

#.#..........#. #.
#.#..#######.#. #.
#.#.......<#.#. #.
#.#........#.#. #.
#.#.###.##.#.#. #.
#.#...._...#.#. #.
#.....#.#....#.
#.########..######.
#O@................
#.#################
##


You could see an ogre (confused).

Vanquished Creatures
  An adder (D:2)
  3 dart slugs (D:1)
  2 leopard geckos
  2 ball pythons
  7 bats
  5 giant cockroaches
  3 goblins
  5 hobgoblins
  5 jackals (D:1)
  4 kobolds
  A frilled lizard (D:2)
  3 rats
41 creatures vanquished.

Notes
Turn   | Place    | Note
-------+----------+-------------------------------------------
     0 | D:1      | Arixos the Vampire Enchanter began the quest for the Orb.
     0 | D:1      | Reached XP level 1. HP: 13/13 MP: 3/3
   636 | D:1      | Reached XP level 2. HP: 16/16 MP: 5/5
   640 | D:1      | Learned a level 2 spell: Ensorcelled Hibernation
   984 | D:1      | Reached XP level 3. HP: 20/20 MP: 6/6
  1320 | D:1      | Learned a level 3 spell: Confuse
  1689 | D:2      | Found a shimmering blue altar of Sif Muna.
  1957 | D:2      | Found a snail-covered altar of Cheibriados.
  2058 | D:2      | Reached skill level 5 in Stealth
  2072 | D:2      | Reached skill level 1 in Fighting
  2100 | D:3      | Found a basalt altar of Yredelemnul.
  2165 | D:3      | Noticed an ogre
  2172 | D:3      | Slain by an ogre

Levels and vault maps discovered:
D:1:      wander_arrival_lonely_grave, layout_basic, minmay_tetromino_o2
D:2:      layout_rooms, cheibriados_altar_1, led_sif_pool, first_ration
D:3:      minmay_chambers_of_threes, layout_basic, lemuel_crystal_altar,
          lemuel_doored_altar, marbit_many_paths, minmay_misc_feat_encased

Skill      XL: |  1  2  3 |
---------------+----------+-----
Short Blades   | 2 |  2.1
Stealth        | 5 |  5.0
Fighting       | 1 |  1.0
Dodging        | |  2.7
Spellcasting   | |  2.4
Hexes          | |  4.9

Action                   || total
-------------------------++-------
Melee: Dagger            ||    79
       Bite              ||     3
 Cast: Corona            ||     5
       Ensorcelled Hiber ||    39
       Confuse           ||     2
 Abil: Exsanguinate      ||     1
  Use: Scroll            ||     2
 Stab: Sleeping          ||    31
Armor: Robe              ||    27
Dodge: Dodged            ||    63

Table legend:
 A = Non-vault XP
 B = Vault XP
 C = Vault XP percentage of total XP
 D = Non-vault monster count
 E = Vault monster count
 F = Vault count percentage of total count
                 A         B        C        D         E       F
            +---------+---------+-------+---------+---------+-------
      Total |      87 |       3 |   3.3 |      39 |       2 |   4.9
            +---------+---------+-------+---------+---------+-------
        D:1 |      45 |       3 |   6.2 |      20 |       2 |   9.1
        D:2 |      42 |       0 |   0.0 |      19 |       0 |   0.0
            +---------+---------+-------+---------+---------+-------
